 Dungeon Crawl Stone Soup version 0.27.1-2-g3b301248ec (webtiles) character file.

Game seed: 8298630130376121757

345 Jahmms the Stinger (level 6, 0/32 HPs)
             Began as a Gargoyle Venom Mage on Oct 4, 2021.
             Was a Follower of Jiyva.
             Slain by a water moccasin (7 damage)
             ... on level 4 of the Dungeon.
             The game lasted 00:40:04 (4390 turns).

Jahmms the Stinger (Gargoyle Venom Mage)            Turns: 4390, Time: 00:40:06

Health: 0/32       AC:  8    Str: 12    XL:     6   Next: 58%
Magic:  10/11      EV: 12    Int: 17    God:    Jiyva [*.....]
Gold:   74         SH:  0    Dex: 10    Spells: 11/12 levels left

rFire    . . .     SeeInvis +   i - +0 hand axe
rCold    . . .     Faith    .   (no shield)
rNeg     + . .     Spirit   .   a - +0 robe
rPois    ∞         Reflect  .   e - +0 helmet
rElec    +         Harm     .   (no cloak)
rCorr    .         Rampage  .   (no gloves)
Will     .....                  d - +0 pair of boots
Stlth    ++........             (no amulet)
HPRegen  0.10/turn              o - ring of see invisible
MPRegen  0.12/turn              y - ring of poison resistance

@: no status effects
A: sickness immunity, AC +4, negative energy resistance 1, electricity
resistance, torment resistance 1, petrification resistance
a: Renounce Religion, Request Jelly


You were on level 4 of the Dungeon.
You worshipped Jiyva.
Jiyva was aware of your devotion.
You visited 1 branch of the dungeon, and saw 4 of its levels.

You collected 74 gold pieces.

Inventory:

Hand Weapons
 g - a +0 spear
 i - a +0 hand axe (weapon)
 k - a +0 dagger
 m - a +0 scythe
 p - a +0 hunting sling
 r - a +0 club
 s - a +0 dagger
 t - a +0 hand axe
 v - a +1 dagger of draining
 z - a +0 hand axe
Missiles
 h - 9 arrows
 q - 31 sling bullets
Armour
 a - a +0 robe (worn)
 d - a +0 pair of boots (worn)
 e - a +0 helmet (worn)
 f - a +0 ring mail
 l - a +0 ring mail
 n - a +0 robe
 u - a +0 robe
 w - a +0 robe
 x - a +0 leather armour
 A - a +0 leather armour
Jewellery
 o - a ring of see invisible (left hand)
 y - a ring of poison resistance (right hand)
Scrolls
 b - 3 scrolls of identify {unknown}
 c - a scroll of enchant weapon {unknown}
 j - a scroll of magic mapping {unknown}
 B - a scroll of teleportation {unknown}


   Skills:
 + Level 0.2 Fighting
 + Level 0.1 Axes
 + Level 2.4 Dodging
 + Level 2.5 Stealth
 + Level 0.5 Unarmed Combat
 + Level 3.5 Spellcasting
 + Level 2.3 Transmutations
 + Level 4.8 Poison Magic


You had 11 spell levels left.
You knew the following spells:

 Your Spells              Type           Power      Damage    Failure   Level
a - Sting                 Tmut/Pois      60%        1d6       3%          1

Your spell library contained the following spells:

 Spells                   Type           Power      Damage    Failure   Level
 Poisonous Vapours        Pois/Air       22%        N/A       10%         2
 Olgreb's Toxic Radiance  Pois           19%        N/A       22%         4
 Mephitic Cloud           Conj/Pois/Air  8%         N/A       26%         3


Dungeon Overview and Level Annotations

Branches:
Dungeon (4/15)
 Temple: D:4-7

Altars:
Nemelex Xobeh
Okawaru
Xom
Yredelemnul
Jiyva


Innate Abilities, Weirdness & Mutations

You are immune to sickness and miasma.
Your stone body is resilient. (AC +4)
You are immune to poison.
You resist negative energy. (rN+)
You are resistant to electric shocks. (rElec)
You are resistant to unholy torment.
You are immune to petrification.


Message History

The ball python bites you but does no damage.
The ball python grabs you. The ball python constricts you.
You closely miss the water moccasin.
The water moccasin is heavily wounded.
You hit the ball python.
You kill the ball python!
The water moccasin closely misses you. The water moccasin bites you.
You miss the water moccasin.
The water moccasin is heavily wounded.
The water moccasin looks more healthy.
The water moccasin bites you but does no damage.
The water moccasin bites you.
You hit the water moccasin.
The water moccasin is severely wounded.
The water moccasin bites you. The water moccasin barely misses you.
You hit the water moccasin.
The water moccasin is almost dead.
The water moccasin barely misses you. x2
You barely miss the water moccasin.
The water moccasin is almost dead.
The water moccasin bites you but does no damage.
You miss the water moccasin.
The water moccasin is almost dead.
The water moccasin completely misses you.
The water moccasin bites you!
* * * LOW HITPOINT WARNING * * *
You barely miss the water moccasin.
The water moccasin is almost dead.
The water moccasin bites you but does no damage.
The water moccasin barely misses you.
Casting: Sting (safe; 3% risk of failure)
Confirm with . or Enter, or press ? or * to list all spells.
Aiming: Sting (safe; 3% risk of failure)
Press: ? - help, Shift-Dir - straight line, f - water moccasin
Aim: a water moccasin (almost dead, 57% to hit)
The sting hits the water moccasin but does no damage.
The water moccasin is poisoned.
The water moccasin is almost dead.
The water moccasin bites you!
You die...

................
#...............
.⌠...
#.######.#..#...
.... .
#..........>..#.
.⌠. $.
#.#####..####.#. ..
.. #.# #..#
#.#.#.#?# #.# #..#
#.#....
#.#####..####.##S##
................@.#
#.###....####.##.†#
#.# #.#..#
#.##..... #.#
#.#..# .....##.##
#.# #.#..# #..##.#
.# #.# #..# #..##.#
# ... #..# #..##.#
### #..# #S.....


You could see a water moccasin (poisoned).

Vanquished Creatures
  Sigmund (D:2)
  An orc priest (D:3)
  Jessica (D:2)
  3 orc wizards (D:3)
  2 adders (D:2)
  A worm (D:2)
  A dart slug (D:2)
  4 orcs (D:3)
  3 ball pythons
  4 bats
  An endoplasm (D:1)
  2 giant cockroaches
  4 goblins
  2 hobgoblins
  2 jackals (D:3)
  A kobold (D:1)
  3 quokkas
  A frilled lizard (D:2)
  2 rats
39 creatures vanquished.

Vanquished Creatures (others)
  An iguana (D:3)
  An adder (D:2)
  An endoplasm (D:4)
  A giant cockroach (D:2)
  2 goblins (D:3)
  3 hobgoblins
  2 jackals (D:3)
  2 ball pythons (D:3)
  A kobold (D:2)
  A rat (D:3)
  3 plants (D:3)
18 creatures vanquished.

Grand Total: 57 creatures vanquished

Notes
Turn   | Place    | Note
-------+----------+-------------------------------------------
     0 | D:1      | Jahmms the Gargoyle Venom Mage began the quest for the Orb.
     0 | D:1      | Reached XP level 1. HP: 10/10 MP: 3/3
   376 | D:1      | Reached XP level 2. HP: 13/15 MP: 0/5
  1178 | D:2      | Noticed Sigmund
  1189 | D:2      | Killed Sigmund
  1190 | D:2      | Reached skill level 1 in Transmutations
  1190 | D:2      | Reached skill level 4 in Poison Magic
  1190 | D:2      | Reached XP level 3. HP: 9/19 MP: 0/7
  1190 | D:2      | Reached XP level 4. HP: 12/24 MP: 0/8
  1190 | D:2      | Reached XP level 5. HP: 14/28 MP: 0/9
  1497 | D:2      | Noticed Jessica
  1506 | D:2      | Killed Jessica
  1784 | D:2      | Found a faded altar of an unknown god.
  1797 | D:2      | Became a worshipper of Jiyva Juqiluow the Shapeless
  1797 | D:2      | Reached * piety under Jiyva
  2728 | D:3      | Reached XP level 6. HP: 32/32 MP: 8/10
  2728 | D:3      | Found an iron altar of Okawaru.
  3667 | D:3      | Found a sparkling altar of Nemelex Xobeh.
  4083 | D:3      | Found a shimmering altar of Xom.
  4084 | D:3      | Found a basalt altar of Yredelemnul.
  4372 | D:4      | Noticed a water moccasin
  4390 | D:4      | Slain by a water moccasin

Illustrated notes

Levels and vault maps discovered:
D:1:      lightli_arrival_flooded_house, layout_basic
D:2:      layout_basic, dreamdust_ecumenical_altar_statues, feat_on_display,
          uniq_sigmund, uniq_jessica
D:3:      layout_basic, mainiacjoe_overflow_big_doors,
          nemelex_spade_bored_becter, mainiacjoe_overflow_alcove_1, minivault_4
D:4:      layout_basic, elyvilon_altar_5, mainiacjoe_overflow_24_doors,
          mainiacjoe_overflow_alcove_2, serial_shops, shop,
          gup_ossuary_entry_pyramid, minmay_diced_spiral, uniq_robin,
          uniq_menkaure

Skill      XL: |  1  2  3  4  5  6 |
---------------+-------------------+-----
Dodging        | 2 |  2.4
Spellcasting   | 3 |  3.5
Transmutations | 1 2 |  2.3
Poison Magic   | 4 |  4.8
Fighting       | |  0.2
Axes           | |  0.1
Stealth        | |  2.5
Unarmed Combat | |  0.5

Action                   |  1- 3 |  4- 6 || total
-------------------------+-------+-------++-------
Melee: Unarmed           |    25 |       ||    25
       Hand axe          |     1 |    53 ||    54
 Cast: Sting             |    22 |    58 ||    80
  Use: Potion            |       |     1 ||     1
Armor: Robe              |    11 |    44 ||    55
Dodge: Dodged            |    31 |    55 ||    86
